Map: 뉴 리퍼그넌시 - 래더

Players

Kas

  • Race: Terran Terran
  • Spawn Location: 1:00

Solar - Winner!

  • Race: Zerg Zerg
  • Spawn Location: 7:00

Event: IEM Season 13: Katowice (2019)

VOD

Have the link to the VOD?

Description

Time

  • Played on: Feb. 26, 2019, 9:13 a.m.
  • Length: 17:21

All games in this series

Show
View Real Time Build Order
Export as new Build Order

Kas Terran 

Build Orders: Gas First Reaper Expand, Hellion Banshee 

Get SALT Encoding   

  12  0:01  SCV  
  13  0:13  SCV  
  14  0:17  Supply Depot  
  14  0:25  SCV  
  15  0:28  Refinery  
  15  0:39  SCV  
  16  0:44  Barracks  
  16  0:51  SCV  
  17  1:03  SCV  
  18  1:15  SCV  
  19  1:31  Reaper  
  19  1:32  Orbital Command  
  20  1:41  Command Center  
  20  1:52  Factory  
  20  1:58  SCV  
  21  2:08  Barracks Reactor  
  21  2:11  SCV  
  21  2:14  Supply Depot  
  21  2:15  Refinery  
  22  2:23  SCV  
  23  2:36  SCV  
  24  2:41  Starport  
  24  2:48  SCV, Hellion x2  
  29  2:54  Orbital Command  
  29  2:57  Barracks Tech Lab  
  29  3:01  SCV  
  30  3:10  Hellion x2  
  34  3:14  SCV  
  35  3:21  SCV  
  35  3:24  Cloaking Field  
  35  3:26  SCV  
  37  3:27  Banshee  
  37  3:32  Supply Depot  
  40  3:34  SCV  
  40  3:38  SCV  
  42  3:47  Hellion  
  42  3:48  Hellion  
  46  3:54  Marine, Supply Depot, SCV x2  
  49  4:06  SCV x2  
  49  4:09  Armory  
  51  4:10  Banshee  
  51  4:16  Hellion x2  
  58  4:20  Supply Depot  
  58  4:22  SCV x2  
  60  4:34  SCV  
  60  4:35  SCV  
  62  4:46  SCV  
  62  4:47  Command Center  
  62  4:52  SCV  
  64  4:53  Supply Depot  
  64  4:58  SCV  
  67  5:06  SCV  
  68  5:10  SCV  
  68  5:14  Barracks  
  67  5:17  Barracks  
  67  5:18  SCV  
  68  5:22  SCV  
  68  5:32  Marine, SCV  
  68  5:33  Factory Reactor  
  60  5:53  SCV  
  60  5:54  Marine  
  60  5:56  SCV  
  59  6:00  Engineering Bay  
  59  6:01  Engineering Bay, Stimpack  
  59  6:02  Starport Reactor, Orbital Command  
  57  6:05  Barracks Reactor  
  57  6:06  Refinery  
  57  6:07  Refinery, Barracks  
  57  6:08  SCV, Barracks  
  58  6:11  Marine, SCV  
  60  6:20  SCV  
  60  6:21  Factory Tech Lab  
  60  6:23  SCV  
  62  6:29  Marine x3  
  62  6:31  Terran Infantry Weapons Level 1, Orbital Command, Terran Infantry Armor Level 1  
  66  6:36  SCV  
  66  6:42  Marine  
  66  6:43  Marine  
  66  6:44  Siege Tank, Medivac x2  
  66  6:45  Supply Depot  
  66  6:46  SCV  
  76  6:47  Marine x2  
  78  6:54  Marine  
  78  6:56  Barracks Reactor  
  78  6:58  SCV x2  
  78  7:00  Marine x2, SCV  
  84  7:05  Marine x2  
  86  7:09  Marine x2  
  86  7:10  SCV x2  
  86  7:12  Supply Depot x2, SCV  
  86  7:14  Marine  
  92  7:17  Siege Tank, Medivac x2  
  92  7:18  Marine x2  
  101  7:28  Supply Depot  
  101  7:33  Supply Depot, Marine x5, SCV x3  
  101  7:34  Supply Depot  
  101  7:36  Marine x2  
  111  7:38  Marine x2  
  111  7:43  Factory  
  113  7:45  SCV x2  
  113  7:46  Supply Depot  
  113  7:47  Supply Depot  
  113  7:50  Siege Tank, Medivac  
  113  7:51  Marine x5  
  125  7:54  Marine x2  
  125  7:56  Marine x2  
  129  8:02  SCV  
  129  8:05  Refinery x2  
  130  8:09  Marine x5, Supply Depot x2  
  130  8:10  Supply Depot  
  135  8:13  Supply Depot x2  
  130  8:20  Marine  
  130  8:21  Marine  
  130  8:22  Marine x2  
  130  8:23  Medivac x2  
  130  8:26  Marine x4  
  145  8:29  Marine  
  146  8:42  Marine x2  
  146  8:43  Marine  
  146  8:44  Marine x3, Siege Tank  
  146  8:45  Factory Tech Lab  
  143  8:49  Command Center  
  143  8:50  SCV x2  
  143  8:54  Marine x3  
  143  8:55  SCV  
  140  9:00  Marine  
  140  9:02  SCV, Sensor Tower  
  142  9:05  Combat Shield  
  139  9:10  Marine x5  
  139  9:11  Terran Infantry Weapons Level 2  
  139  9:13  Terran Infantry Armor Level 2  
  139  9:15  Marine  
  139  9:16  Siege Tank  
  148  9:19  SCV  
  148  9:20  SCV  
  148  9:21  Siege Tank  
  148  9:22  Marine x2  
  148  9:24  Marine  
  156  9:25  SCV  
  156  9:28  Marine  
  156  9:29  Marine x2  
  160  9:32  Medivac x2  
  164  9:40  Marine x2  
  164  9:42  Barracks x2  
  164  9:44  Barracks  
  166  9:50  Marine  
  166  9:51  Marine, Siege Tank  
  166  9:52  Marine x3  
  174  9:53  Siege Tank  
  174  9:55  Marine x2  
  174  9:57  Marine  
  180  10:00  Marine  
  181  10:08  Marine x2  
  181  10:09  Marine x2  
  185  10:16  Marine  
  185  10:18  Marine x2  
  188  10:21  Marine x2  
  188  10:23  Siege Tank  
  188  10:25  Planetary Fortress  
  179  10:31  Marine  
  179  10:32  Barracks Tech Lab  
  179  10:33  Barracks Tech Lab  
  180  10:40  Marauder  
  182  10:47  Siege Tank  
  182  10:48  Marine  
  169  10:59  Siege Tank  
  169  11:01  Marine x2, Marauder x3  
  169  11:02  Marine x4  
  169  11:03  Marine, SCV x2  
  169  11:04  SCV x2  
  183  11:06  Marine  
  184  11:15  SCV, Terran Vehicle Weapons Level 1  
  184  11:16  SCV  
  184  11:19  Marine x4, Siege Tank  
  184  11:20  Marine x3  
  184  11:22  Marine  
  184  11:24  Marine x2  
  195  11:27  Marine  
  195  11:32  Siege Tank  
  199  11:37  Marine x5  
  199  11:38  Marine  
  199  11:39  Marine  
  192  11:52  Marine x2, Marauder x2  
  192  11:53  Siege Tank  
  192  11:54  Marine, Medivac  
  199  11:58  Command Center  
  200  12:14  Terran Infantry Armor Level 3, Terran Infantry Weapons Level 3  
  187  12:44  Marine x4, Marauder x2  
  172  12:45  Marine x3  
  172  12:56  Marine  
  172  12:57  Marine  
  172  13:02  Marine x3  
  177  13:05  Marauder  
  177  13:06  Marine x2  
  177  13:10  Marine  
  167  13:13  Marine x2  
  167  13:14  Marine  
  167  13:16  Marine  
  167  13:18  Siege Tank x2, Medivac x2  
  167  13:19  Marine  
  179  13:21  Orbital Command  
  179  13:23  SCV x3, Barracks  
  179  13:24  Barracks x2  
  185  13:27  Marauder  
  185  13:30  Marine x2  
  185  13:31  Marauder  
  191  13:34  Marauder  
  191  13:39  Marine  
  190  13:44  Starport x2  
  169  13:49  Marine  
  169  13:50  Marine x2  
  169  13:54  Marine x6  
  169  13:55  Marine  
  157  13:56  Marine  
  147  14:06  Thor x2  
  147  14:07  Marine  
  147  14:08  Marine x2, Viking  
  150  14:11  Marine x2, Terran Vehicle And Ship Armor Level 1, Viking  
  150  14:12  Marine x4  
  150  14:13  Marine  
  150  14:14  Marine  
  150  14:15  Marine x2  
  150  14:16  Marine  
  163  14:24  Marine, Viking x2  
  165  14:26  Marine x2  
  165  14:29  Marine x2  
  165  14:30  Marine x3, Ghost Academy  
  175  14:36  Marine x2  
  175  14:37  Marine x2  
  179  14:40  Marine  
  179  14:42  Marine, Orbital Command  
  179  14:44  Marine  
  182  14:47  Marine x2  
  182  14:50  Barracks Tech Lab, Viking x2  
  182  14:52  Siege Tank  
  191  14:55  Marine x3  
  191  14:56  Marine  
  195  15:01  Viking  
  195  15:04  Marine x2  
  195  15:05  Marine  
  200  15:28  Marine  
  200  15:30  Command Center  
  191  15:52  Marine  
  191  15:55  Viking x4  
  191  15:56  Marine x2  
  195  16:12  Marine x2  
  197  16:25  Viking  
  199  16:28  Starport Reactor x2, Sensor Tower  
  199  16:29  Starport x2  
  199  16:30  Starport Tech Lab  
  199  16:31  Fusion Core  
  199  16:33  Barracks Tech Lab x2  
  199  16:34  Barracks Tech Lab  
  199  16:35  Barracks Tech Lab  
  196  16:46  Marine  
  162  16:48  Siege Tank x2  
  162  16:49  Viking x2  
  168  16:58  Marine  
  168  16:59  Marine x8  
  168  17:00  Marine x5  
Show
View Real Time Build Order
Export as new Build Order

Solar Zerg - Winner!

Build Orders: Hatch First 

Get SALT Encoding   

  12  0:01  Drone  
  13  0:12  Overlord  
  13  0:17  Drone  
  14  0:31  Drone x2  
  16  0:48  Hatchery  
  15  0:51  Drone  
  15  0:54  Drone  
  17  0:58  Drone  
  18  1:09  Extractor  
  17  1:14  Spawning Pool  
  17  1:16  Drone  
  17  1:21  Drone  
  18  1:28  Drone  
  19  1:38  Drone  
  20  1:49  Overlord  
  20  2:01  Queen x2  
  20  2:02  Zergling x4  
  26  2:11  Drone x2  
  28  2:23  Hatchery  
  28  2:27  Metabolic Boost  
  27  2:31  Drone  
  27  2:34  Drone  
  29  2:39  Drone  
  30  2:44  Queen  
  30  2:49  Overlord  
  32  2:52  Drone  
  32  2:55  Drone  
  32  2:57  Drone  
  35  2:59  Drone  
  36  3:08  Spore Crawler  
  36  3:09  Drone x2  
  36  3:10  Drone x2  
  40  3:13  Drone  
  41  3:20  Queen  
  41  3:23  Overlord  
  41  3:25  Drone  
  44  3:34  Overlord  
  44  3:35  Queen  
  44  3:36  Drone  
  44  3:37  Zergling x2  
  44  3:39  Zergling x2  
  44  3:41  Zergling x2  
  49  3:43  Drone  
  49  3:44  Drone  
  49  3:46  Drone  
  52  3:51  Drone  
  52  3:53  Baneling Nest, Zergling x2  
  52  3:55  Drone  
  54  3:58  Queen  
  54  4:00  Drone  
  58  4:02  Zergling x2  
  58  4:05  Overlord  
  58  4:07  Drone  
  58  4:08  Drone  
  60  4:10  Drone  
  60  4:13  Spore Crawler  
  60  4:14  Drone  
  60  4:15  Drone  
  62  4:18  Spore Crawler  
  62  4:20  Drone  
  62  4:24  Overlord  
  62  4:25  Spore Crawler  
  62  4:30  Drone x4  
  65  4:36  Lair  
  65  4:37  Drone  
  65  4:38  Drone  
  67  4:40  Drone  
  67  4:43  Extractor x2  
  67  4:45  Drone x3  
  69  4:47  Drone x2  
  69  4:49  Zergling x2  
  69  4:52  Drone  
  73  4:53  Overlord  
  73  4:56  Overlord  
  73  4:58  Overlord  
  72  5:03  Baneling x3  
  72  5:08  Overlord, Zergling x4  
  72  5:12  Drone  
  72  5:13  Drone x3  
  78  5:16  Zergling x2  
  78  5:17  Zergling x4  
  80  5:25  Zergling x2  
  80  5:26  Baneling, Zergling x2  
  80  5:27  Baneling x3  
  79  5:30  Zergling x2  
  79  5:31  Zergling x2  
  79  5:32  Zergling x8  
  79  5:34  Overseer  
  80  5:37  Queen x2  
  80  5:39  Zergling x2  
  80  5:40  Zergling x6  
  82  5:45  Queen  
  82  5:46  Zergling x2  
  82  5:48  Zergling x2  
  82  5:49  Baneling x2  
  76  5:51  Zergling x2  
  76  5:54  Overseer  
  76  5:56  Zergling x4  
  75  6:00  Zergling x2  
  75  6:02  Drone  
  75  6:03  Drone  
  77  6:09  Drone  
  76  6:12  Queen  
  76  6:13  Extractor  
  76  6:14  Drone, Roach Warren  
  76  6:15  Drone  
  76  6:16  Extractor  
  77  6:18  Drone  
  77  6:21  Queen  
  77  6:24  Drone x2  
  82  6:28  Extractor  
  82  6:29  Drone  
  82  6:31  Evolution Chamber  
  82  6:32  Evolution Chamber  
  80  6:35  Drone x2  
  83  6:43  Drone  
  83  6:45  Drone  
  83  6:46  Zergling x6  
  89  6:49  Drone x2  
  89  6:53  Zergling x10  
  93  6:58  Zerg Ground Armor Level 1  
  93  6:59  Zerg Melee Weapons Level 1  
  93  7:00  Centrifical Hooks, Overlord  
  93  7:01  Overlord  
  93  7:03  Hydralisk Den  
  93  7:05  Zergling x2  
  93  7:08  Overlord, Hatchery  
  93  7:10  Zergling x2  
  93  7:13  Baneling x8  
  93  7:15  Zergling x2  
  94  7:21  Zergling x4  
  96  7:25  Zergling x6  
  96  7:26  Zergling x2  
  96  7:27  Zergling x6  
  96  7:28  Hatchery  
  103  7:30  Zergling x6  
  103  7:36  Drone  
  107  7:37  Hydralisk  
  107  7:40  Hydralisk, Grooved Spines  
  111  7:44  Hatchery  
  111  7:45  Overlord  
  111  7:46  Drone  
  111  7:49  Drone  
  112  7:53  Hydralisk  
  112  7:56  Baneling  
  112  7:57  Baneling x4, Hydralisk  
  116  8:01  Hydralisk x3  
  116  8:02  Hydralisk x4  
  116  8:03  Zergling x6  
  116  8:05  Overseer  
  133  8:07  Overlord  
  133  8:11  Drone  
  133  8:14  Drone  
  133  8:18  Drone  
  133  8:21  Extractor  
  133  8:22  Drone  
  133  8:25  Drone  
  134  8:30  Drone x2  
  134  8:31  Drone x3  
  135  8:34  Zergling x2  
  135  8:35  Zergling x4  
  135  8:38  Hydralisk x2  
  135  8:39  Zergling x2  
  139  8:42  Zergling x2  
  139  8:48  Hydralisk  
  138  8:51  Muscular Augments  
  138  8:52  Zergling x2  
  138  8:53  Zergling x2  
  138  8:54  Zerg Ground Armor Level 2  
  136  8:58  Queen  
  136  8:59  Drone x2, Infestation Pit, Hatchery  
  136  9:01  Drone x4  
  136  9:02  Extractor, Overlord  
  142  9:03  Overlord  
  142  9:05  Overlord  
  142  9:08  Hydralisk  
  143  9:10  Drone  
  143  9:11  Overlord  
  143  9:14  Zerg Melee Weapons Level 2  
  144  9:17  Overlord  
  144  9:26  Hydralisk  
  144  9:27  Spore Crawler  
  144  9:30  Hydralisk x2  
  149  9:34  Baneling  
  149  9:35  Baneling x7  
  149  9:37  Hatchery  
  148  9:38  Pneumatized Carapace  
  148  9:40  Hive  
  148  9:47  Drone x3, Spire  
  148  9:48  Drone x2  
  148  9:49  Drone  
  148  9:52  Drone x2  
  155  9:55  Drone x2  
  155  9:56  Overlord  
  155  9:59  Zergling x6  
  160  10:01  Zergling x2  
  160  10:02  Zergling x6  
  164  10:08  Zergling x6  
  164  10:09  Zergling x2  
  169  10:14  Zergling x14  
  173  10:21  Zergling x2  
  173  10:22  Zergling x6  
  173  10:23  Zergling x12  
  173  10:27  Zergling x6  
  170  10:33  Baneling x5, Hydralisk  
  170  10:34  Zergling x4  
  174  10:39  Zergling x2  
  174  10:40  Zergling x2  
  174  10:41  Baneling  
  174  10:42  Baneling x15  
  175  10:43  Zergling x2  
  175  10:46  Zergling x6  
  175  10:52  Zergling x2  
  175  10:54  Zergling x2  
  175  10:55  Zergling x12  
  166  11:00  Zergling x6  
  166  11:02  Greater Spire  
  161  11:04  Hydralisk x2  
  161  11:05  Zergling x2  
  161  11:10  Viper x3  
  175  11:13  Hydralisk  
  175  11:14  Zergling x10  
  175  11:16  Zergling x2  
  177  11:19  Zergling x2  
  177  11:20  Zergling x2  
  177  11:21  Zergling x2  
  177  11:23  Baneling x8  
  177  11:24  Baneling x3  
  177  11:25  Zergling x6  
  179  11:27  Zergling x2  
  179  11:28  Zergling x2  
  179  11:30  Zergling x6  
  186  11:32  Zergling x2  
  186  11:33  Zergling x2  
  186  11:36  Zergling x6  
  182  11:41  Zergling x2  
  182  11:42  Zergling x8  
  182  11:43  Zergling x2  
  182  11:46  Zergling x4  
  182  11:48  Zergling x2  
  182  11:51  Zergling x2  
  182  11:52  Zergling x8  
  182  11:53  Zergling x4  
  182  11:56  Zergling x6  
  185  12:05  Zergling x16  
  192  12:14  Overlord  
  192  12:15  Overlord  
  188  12:17  Baneling x3  
  188  12:21  Hatchery  
  180  12:27  Corruptor x3  
  186  12:30  Corruptor  
  179  12:40  Zergling x6  
  179  12:41  Zergling x14  
  179  12:42  Zergling x2  
  162  12:45  Baneling x6  
  162  12:46  Zergling x2  
  162  12:48  Zergling x2  
  162  12:49  Zergling x2  
  164  12:53  Zergling x4  
  164  12:56  Hydralisk  
  158  12:59  Zergling x2  
  158  13:00  Zergling x2  
  158  13:04  Brood Lord x2  
  163  13:05  Brood Lord  
  163  13:07  Zergling x2  
  163  13:11  Hydralisk x2  
  155  13:13  Zergling x2  
  155  13:16  Zergling x2  
  155  13:17  Baneling x7  
  155  13:21  Brood Lord  
  155  13:23  Baneling x4  
  155  13:26  Zergling x6  
  160  13:29  Zergling x6  
  160  13:33  Zergling x4  
  160  13:34  Zergling x4  
  159  13:35  Zergling x2  
  159  13:38  Zergling x2  
  159  13:41  Zergling x2  
  159  13:44  Hydralisk x2  
  159  13:45  Hydralisk  
  159  13:47  Zergling x2  
  152  13:50  Hydralisk x2  
  152  13:52  Zergling x2  
  152  13:53  Zergling x4  
  152  13:55  Hydralisk  
  147  13:57  Baneling x4  
  147  13:58  Zergling x2  
  147  14:00  Zergling x4  
  146  14:03  Zergling x6  
  146  14:08  Viper x2  
  153  14:12  Baneling x5  
  153  14:16  Zerg Flyer Weapons Level 1  
  153  14:20  Zerg Missile Weapons Level 1, Corruptor  
  153  14:21  Extractor  
  153  14:22  Corruptor  
  156  14:31  Corruptor x2  
  156  14:34  Extractor  
  156  14:36  Zergling x10  
  164  14:39  Spore Crawler  
  163  14:49  Zergling x8  
  166  14:54  Evolution Chamber  
  165  15:02  Drone x3  
  165  15:05  Brood Lord x3  
  174  15:07  Overseer  
  174  15:10  Brood Lord  
  174  15:11  Zergling x10  
  181  15:20  Baneling x8  
  179  15:21  Hatchery  
  179  15:23  Zergling x12  
  184  15:29  Zergling x2  
  184  15:30  Zergling x10  
  189  15:39  Baneling, Overlord  
  189  15:42  Zergling x4  
  188  15:45  Zergling x6  
  187  15:52  Zergling x12  
  187  15:57  Zergling x8  
  192  15:58  Baneling  
  192  15:59  Baneling x5  
  195  16:04  Hydralisk  
  195  16:05  Hydralisk  
  195  16:07  Baneling x5  
  195  16:08  Baneling x3  
  199  16:12  Baneling x2  
  199  16:13  Baneling  
  197  16:19  Zergling x2  
  197  16:20  Zergling x4  
  200  16:37  Hatchery  
  192  16:42  Zergling x32  
  192  16:44  Zergling x4  
  192  16:45  Zergling x2  
  179  16:47  Zergling x2  
  179  16:48  Zergling x2  
  179  16:49  Zergling x4  
  179  16:51  Baneling x4  
  180  16:55  Zergling x2  
  180  16:58  Zergling x10  
  180  17:00  Zergling x4  

Tags
 
Add a new tag
Caveats
  • Supply blocks, unpowered buildings, or Contaminate may cause inaccurate times.
  • Supply counts are checked every 10 seconds.